 Dungeon Crawl Stone Soup version 0.32-a0-12-g7fc57aa741 (webtiles) character file.

Game seed: 17340102338833110689

5342 demibob the Slicer (level 10, -3/70 HPs)
             Began as a Demonspawn Chaos Knight on Jan 14, 2024.
             Was a Plaything of Xom.
             Slain by a boulder beetle (73 damage)
             ... on level 8 of the Dungeon.
             The game lasted 00:16:58 (5800 turns).

demibob the Slicer (Demonspawn Chaos Knight)        Turns: 5800, Time: 00:16:59

Health: -3/70      AC:  5    Str: 12    XL:     10   Next: 38%
Magic:  10/10      EV: 15    Int: 15    God:    Xom [...*..]
Gold:   1380       SH:  5    Dex: 17    Spells: 9/9 levels left

rFire   + . .        a - +2 quick blade
rCold   . . .        (no shield)
rNeg    . . .        e - +1 robe of Vines {NoPotionHeal Regen++++}
rPois   +            (helmet restricted)
rElec   .            (no cloak)
rCorr   .            (no gloves)
SInv    .            s - +1 pair of boots
Will    .....        r - amulet of reflection
Stlth   ++           P - ring of poison resistance
HPRegen 3.51/turn    F - ring of protection from fire
MPRegen 0.12/turn

%: reflection
@: studying Shields
A: horns 2, ignite blood 2, big brain 1, wild magic 1
a: Renounce Religion


You were on level 8 of the Dungeon.
You worshipped Xom.
You were a favourite toy of Xom.
You visited 1 branch of the dungeon, and saw 8 of its levels.
You also visited: Sewer and Bailey.

You collected 1380 gold pieces.


Innate Abilities, Weirdness & Mutations

You have a pair of horns on your head.
Your demonic aura often causes spilled blood to erupt in flames.
You have an unusually large brain. (Int +2)
Your spells are a little harder to cast, but a little more powerful.


   Skills:
 - Level 3.0 Fighting
 + Level 12.3(12.5) Short Blades
 - Level 3.4(8.6) Long Blades
 - Level 1.7 Armour
 + Level 6.5 Dodging


You had 9 spell levels left.
You didn't know any spells.
Your spell library contained the following spells:

 Spells                   Type           Power      Damage    Failure   Level
 Slow                     Hex            0%         N/A       34%         1
 Summon Small Mammal      Summ           0%         N/A       34%         1
 Call Imp                 Summ           0%         N/A       47%         2
 Ensorcelled Hibernation  Hex/Ice        0%         N/A       47%         2
 Static Discharge         Conj/Air       0%         3-3/arc   47%         2
 Sublimation of Blood     Necr           0%         N/A       47%         2
 Confusing Touch          Hex            0%         N/A       71%         3
 Dazzling Flash           Conj/Hex       0%         N/A       71%         3
 Frozen Ramparts          Ice            0%         1d1       71%         3
 Mephitic Cloud           Conj/Alch/Air  0%         N/A       71%         3
 Sigil of Binding         Hex            0%         N/A       71%         3
 Tukima's Dance           Hex            0%         N/A       71%         3
 Vampiric Draining        Necr           0%         2d6       71%         3
 Airstrike                Air            0%         2d(0-16)  97%         4
 Dimensional Bullseye     Hex/Tloc       0%         N/A       97%         4
 Iskenderun's Mystic Bla  Conj/Tloc      0%         2d3       97%         4
 Martyr's Knell           Necr/Summ      0%         N/A       97%         4
 Summon Lightning Spire   Summ/Air       0%         N/A       97%         4
 Curse of Agony           Necr           0%         N/A       100%        5
 Silence                  Hex/Air        0%         N/A       100%        5
 Summon Forest            Summ/Tloc      0%         N/A       100%        5
 Summon Hydra             Summ           0%         N/A       100%        7

Inventory:

Hand Weapons
 a - a +2 quick blade (weapon)
 h - a +0 falchion of chaos
 A - the +11 shortbow of True Grit {drain, rN+ Str-2 Dex+5}
   (You found it on level 8 of the Dungeon)

   Str-2:     It affects your strength (-2).
   Dex+5:     It affects your dexterity (+5).
   rN+:       It protects you from negative energy.
Missiles
 c - 15 curare-tipped darts (quivered) {=f}
 g - 4 datura-tipped darts
 i - a throwing net {=f}
Armour
 e - the +1 robe of Vines (worn) {NoPotionHeal Regen++++}
   (Xom gifted it to you on level 1 of the Dungeon)

   NoPotionHeal: Its wearer cannot be healed by potions.
   Regen++++: It increases your rate of health regeneration.
 s - a +1 pair of boots (worn)
 x - +0 acid dragon scales
Magical Staves
 o - a staff of cold {!a}
Jewellery
 r - an amulet of reflection (around neck)
 y - an amulet of magic regeneration
 C - a ring of protection from cold
 F - a ring of protection from fire (right hand)
 I - a +6 ring of intelligence
 P - a ring of poison resistance (left hand)
Wands
 p - a wand of digging (5)
 q - a wand of roots (15)
 z - a wand of flame (10)
 D - a wand of quicksilver (10)
Scrolls
 u - a scroll of vulnerability
 w - a scroll of amnesia
 B - a scroll of enchant armour
 E - 2 scrolls of identify {@r1}
Potions
 b - 2 potions of attraction
 d - 7 potions of curing {@q1}
 f - a potion of magic {unknown}
 j - a potion of enlightenment {unknown}
 k - 2 potions of haste {@q3}
 l - 2 potions of invisibility
 m - a potion of mutation {unknown}
 n - a potion of lignification {unknown}
 t - a potion of cancellation {unknown}
 v - 2 potions of heal wounds {@q2}

Dungeon Overview and Level Annotations

Branches:
Dungeon (8/15)             Temple (0/1) D:5            Lair (0/5) D:8
  Sewer (visited)          Bailey (visited)

Altars:
Ashenzari
Cheibriados
Kikubaaqudgha
Makhleb
Nemelex Xobeh
Okawaru
Qazlal
Ru
Trog
Uskayaw
Vehumet
Xom

Shops:
D:4 *   D:7 (

Annotations:
D:1 2 transporters
D:5 exclusion: door

## .. ######+######
...#+#######...........#
...#.......#...........#
.......................#
####.....####...@B°(...#
# ##...## #...#######Y #
##.## #...# ## #.# #...#
.## +#.#+ #....#
..###...###.....#
......8........##
..###...###...## .##
+#.#+ .


You could see a boulder beetle (rolling, strong, extremely poisoned, slow) and a
yak (wandering).


Message History

You hear a bellow! x2
The boulder beetle struggles to escape constriction.
Throw: 17 darts (curare) {=f}
Press: ? - help, Q - select action, (/) - cycle Shift-Dir - straight line, f/p - boulder beetle
Aim: a boulder beetle (sparse dust, rolling, constricted by roots, 98% to hit)
You throw a curare-tipped dart {=f}.
The curare-tipped dart {=f} hits the boulder beetle.
The boulder beetle is poisoned.
The boulder beetle struggles to breathe.
The boulder beetle seems to slow down.
The boulder beetle is lightly wounded.
The grasping roots constrict the boulder beetle. "This might be better!"
The boulder beetle seems to grow stronger.
The roots release their grip on the boulder beetle.
Throw: 16 darts (curare) {=f}
Press: ? - help, Q - select action, (/) - cycle Shift-Dir - straight line, f/p - boulder beetle
Aim: a boulder beetle (lightly wounded, rolling, strong, very poisoned, slow, 89% to hit)
You throw a curare-tipped dart {=f}.
The curare-tipped dart {=f} hits the boulder beetle.
The boulder beetle looks as sick as possible!
The boulder beetle struggles to breathe.
The boulder beetle seems to be slow for longer.
The boulder beetle is moderately wounded.
Unknown command.
A yak comes into view.
The boulder beetle hits you!!!!
Ouch! That really hurt!
You die...
Xom bursts into laughter!

Skill      XL: |  1  2  3  4  5  6  7  8  9 10 |
---------------+-------------------------------+-----
Long Blades    | 3 |  3.4
Short Blades   | 1 2 3 4 6 8 10 11 12 | 12.3
Dodging        | 5 6 |  6.5
Fighting       | |  3.0
Armour         | |  1.7

Action                     |  1- 3 |  4- 6 |  7- 9 | 10-12 || total
---------------------------+-------+-------+-------+-------++-------
  Melee: Falchion          |    26 |       |       |       ||    26
         Quick blade       |   126 |   493 |   632 |   132 ||  1383
         Punch             |       |     7 |     7 |     2 ||    16
         Headbutt          |       |       |   150 |    26 ||   176
  Throw: Dart              |       |       |       |     4 ||     4
  Evoke: Wand              |       |       |     1 |     2 ||     3
    Use: Scroll            |     4 |    12 |     9 |       ||    25
         Potion            |       |     1 |     5 |       ||     6
   Stab: Sleeping          |     1 |       |     1 |       ||     2
         Invisible         |       |       |     6 |       ||     6
         Paralysed         |       |       |     1 |       ||     1
 Armour: Leather armour    |    26 |       |       |       ||    26
         Robe              |    39 |   140 |   163 |    33 ||   375
  Dodge: Dodged            |    75 |   137 |   176 |    39 ||   427
  Block: Other             |       |    13 |    63 |    11 ||    87
         Reflection        |       |     1 |     4 |       ||     5

Levels and vault maps discovered:
D:1:      spicycebolla_arrival_transporter_tutorial, layout_loops_corners
D:2:      layout_loops_cross, hangedman_glass_teeth
D:3:      layout_loops_ring, gup_sewer_entry_spiral
D:4:      layout_gridville, nicolae_overflow_hidden_temple, minmay_shop_damaged,
          kennysheep_path_1
D:5:      cheibrodos_fertilizer, layout_cave_pools,
          mainiacjoe_overflow_surrounded_room, mainiacjoe_overflow_boulevard,
          temple_doors_e
D:6:      layout_rooms, grunt_temple_overflow_open
D:7:      layout_basic, mainiacjoe_overflow_tiny_flanked,
          mainiacjoe_overflow_catwalk, enter_bailey_3, serial_shops, shop,
          minmay_manual_mares
D:8:      cheibrodos_barr_body, layout_gridville, dpeg_oklobed_lair,
          hangedman_abyss_or_decor_passed, serial_bayou_pond_a, jiyva_altar_1

Notes
Turn   | Place    | Note
-------+----------+-------------------------------------------
     0 | D:1      | demibob the Demonspawn Chaos Knight began the quest for the
                  | Orb.
     0 | D:1      | Reached XP level 1. HP: 18/18 MP: 1/1
   103 | D:1      | Reached skill level 3 in Long Blades
   125 | D:1      | You fall into a shaft and drop 1 floor!
   241 | D:1      | XOM: silly message
   256 | D:1      | Gained mutation: Your demonic aura sometimes causes spilled
                  | blood to erupt in flames. [demonic ancestry]
   256 | D:1      | Reached XP level 2. HP: 17/24 MP: 2/2
   605 | D:1      | XOM: god gift: +1 robe of Vines {NoPotionHeal Regen++++}
   606 | D:1      | Found the +1 robe of Vines {NoPotionHeal Regen++++}
   696 | D:1      | Reached skill level 1 in Short Blades
   808 | D:1      | Reached XP level 3. HP: 29/29 MP: 3/3
  1183 | D:2      | XOM: butterfly on damage
  1209 | D:2      | Reached skill level 2 in Short Blades
  1226 | D:2      | XOM: cast spell 'Cause Fear'
  1248 | D:2      | Reached XP level 4. HP: 21/35 MP: 4/4
  1876 | D:3      | Reached skill level 3 in Short Blades
  1880 | D:3      | XOM: smoke on damage
  2166 | D:3      | XOM: god gift: coppery potion {god gift}
  2311 | D:3      | XOM: butterfly on damage
  2371 | D:3      | XOM: enchant monster (good)
  2374 | D:3      | Reached XP level 5. HP: 41/41 MP: 5/5
  2393 | D:3      | Found a glowing drain.
  2397 | Sewer    | XOM: noise
  2397 | Sewer    | Entered a sewer
  2472 | Sewer    | Noticed a crocodile
  2479 | Sewer    | Killed a crocodile
  2480 | Sewer    | Reached skill level 4 in Short Blades
  2524 | Sewer    | Identified a scroll of acquirement
  2524 | Sewer    | Acquired 575 gold pieces
  2677 | D:3      | XOM: summons 4 friendly demons
  2697 | D:3      | Reached XP level 6. HP: 39/42 MP: 6/6
  2705 | D:3      | Reached skill level 5 in Short Blades
  2968 | D:4      | Found Jesubir's Lightly-Used Armoury.
  3191 | D:4      | XOM: god gift: scroll of blinking
  3193 | D:4      | XOM: scenery: create altars
  3195 | D:4      | XOM: polymorph scorpion -> bombardier beetle
  3244 | D:3      | Upgraded the game from 0.32-a0-7-ge934b4519a to
                  | 0.32-a0-12-g7fc57aa741
  3249 | D:4      | XOM: god gift: +2 helmet of see invisible
  3296 | D:4      | Found a snail-covered altar of Cheibriados.
  3352 | D:4      | Reached skill level 6 in Short Blades
  3501 | D:5      | XOM: stealth player
  3501 | D:5      | Entered Level 5 of the Dungeon
  3598 | D:5      | Gained mutation: You have a pair of small horns on your
                  | head. [demonic ancestry]
  3598 | D:5      | Reached XP level 7. HP: 52/52 MP: 7/7
  3648 | D:5      | Found a bloodstained altar of Trog.
  3648 | D:5      | Found an iron altar of Okawaru.
  3648 | D:5      | Found a sacrificial altar of Ru.
  3648 | D:5      | Found an iron altar of Okawaru.
  3648 | D:5      | Found a snail-covered altar of Cheibriados.
  3648 | D:5      | Found a radiant altar of Vehumet.
  3648 | D:5      | Noticed a slime creature
  3648 | D:5      | Noticed a slime creature
  3648 | D:5      | Noticed a slime creature
  3707 | D:5      | Reached skill level 7 in Short Blades
  3708 | D:5      | Found a sacrificial altar of Ru.
  3864 | D:5      | XOM: polymorph hound -> rat
  3905 | D:5      | Found a staircase to the Ecumenical Temple.
  4093 | D:6      | XOM: divination: detect creatures
  4096 | D:6      | Reached skill level 8 in Short Blades
  4097 | D:6      | XOM: enchant monster (good)
  4130 | D:6      | Gained mutation: You have an unusually large brain. (Int
                  | +2) [demonic ancestry]
  4130 | D:6      | Reached XP level 8. HP: 55/58 MP: 8/8
  4133 | D:6      | XOM: cleaving
  4152 | D:6      | XOM: cleaving
  4266 | D:6      | XOM: enchant monster (good)
  4268 | D:6      | XOM: summons 7 friendly demons
  4290 | D:6      | XOM: polymorph iron imp -> ynoxinul
  4319 | D:6      | Found a stormy altar of Qazlal.
  4319 | D:6      | Found an ancient bone altar of Kikubaaqudgha.
  4321 | D:6      | Found a hide-covered altar of Uskayaw.
  4322 | D:6      | Found a broken altar of Ashenzari.
  4323 | D:6      | Found a burning altar of Makhleb.
  4391 | D:6      | XOM: noise
  4587 | D:6      | XOM: butterfly on damage
  4592 | D:6      | Reached skill level 9 in Short Blades
  4625 | D:7      | XOM: butterfly on damage
  4643 | D:6      | XOM: fog
  4662 | D:6      | XOM: polymorph sky beast -> kobold
  4677 | D:6      | XOM: summons friendly sun demon
  4684 | D:6      | Reached skill level 10 in Short Blades
  4697 | D:7      | XOM: divine lightning
  4712 | D:7      | XOM: give mutations
  4712 | D:7      | Gained mutation: Your spells are a little harder to cast,
                  | but a little more powerful. [Xom's grace]
  4712 | D:7      | Gained mutation: You have a pair of horns on your head.
                  | [Xom's grace]
  4718 | D:7      | XOM: cast spell 'Discord'
  4723 | D:7      | Found Awaeff Xyow's Weapon Boutique.
  4769 | D:7      | Gained mutation: Your demonic aura often causes spilled
                  | blood to erupt in flames. [demonic ancestry]
  4769 | D:7      | Reached XP level 9. HP: 63/63 MP: 9/9
  4772 | D:7      | Reached skill level 1 in Dodging
  4815 | D:7      | Reached skill level 2 in Dodging
  4839 | D:7      | Found a flagged portal.
  4846 | Bailey   | Entered a bailey
  4855 | Bailey   | XOM: smoke on damage
  4861 | Bailey   | Found an iron altar of Okawaru.
  4861 | Bailey   | XOM: 6-stop teleportation journey
  4876 | Bailey   | an orc warrior changed into a queen bee
  4876 | Bailey   | Noticed a queen bee
  4876 | Bailey   | XOM: polymorph orc warrior -> queen bee
  4880 | Bailey   | Reached skill level 11 in Short Blades
  4880 | Bailey   | Reached skill level 3 in Dodging
  4883 | Bailey   | XOM: noise
  4888 | Bailey   | XOM: summons 3 hostile demons
  4896 | Bailey   | XOM: noise
  4900 | Bailey   | XOM: summons friendly ufetubus
  4902 | Bailey   | XOM: potion effect (attraction)
  4903 | Bailey   | XOM: swap monsters
  4907 | Bailey   | Killed a queen bee
  4908 | Bailey   | Reached skill level 4 in Dodging
  4910 | Bailey   | XOM: scenery: 3 doors close
  4934 | Bailey   | Got the Vellum of Invitation and Chilblains
  5042 | D:7      | Found a sparkling altar of Nemelex Xobeh.
  5196 | D:7      | XOM: god gift: 2 curare-tipped darts
  5221 | D:7      | Found a shimmering altar of Xom.
  5230 | D:7      | Reached skill level 5 in Dodging
  5332 | D:8      | Identified the +11 shortbow of True Grit {drain, rN+ Str-2
                  | Dex+5}
  5340 | D:8      | Found a staircase to the Lair.
  5350 | D:8      | XOM: chaos upgrade
  5434 | D:8      | Reached XP level 10. HP: 43/70 MP: 10/10
  5494 | D:8      | Noticed a two-headed ogre
  5496 | D:8      | XOM: potion effect (might)
  5498 | D:8      | XOM: divination: detect items
  5499 | D:8      | Killed a two-headed ogre
  5500 | D:8      | Reached skill level 12 in Short Blades
  5500 | D:8      | Reached skill level 6 in Dodging
  5794 | D:8      | Noticed a boulder beetle
  5798 | D:8      | XOM: enchant monster (bad)
  5800 | D:8      | Slain by a boulder beetle

Vanquished Creatures
  A two-headed ogre (D:8)
  A queen bee (Bailey)
  A hornet (D:7)
  A wraith (D:8)
  A wyvern (D:8)
  A water moccasin (D:8)
  An orc warrior (Bailey)
  An ice beast (D:6)
  2 sky beasts (D:6)
  An ogre (D:5)
  A black bear (D:7)
  A crocodile (Sewer)
  4 centaurs
  11 kobold brigands
  A scorpion (D:6)
  6 wights
  6 killer bees (D:8)
  2 jellies
  4 hounds
  A gnoll bouda (D:7)
  5 orc priests
  5 iguanas
  2 sleepcaps
  3 orc wizards
  5 adders
  11 gnolls
  2 river rats (D:3)
  A shadow imp (D:6)
  A white imp (D:6)
  5 ufetubi
  4 dart slugs
  19 orcs
  4 ball pythons
  4 endoplasms
  6 giant cockroaches
  7 goblins
  8 hobgoblins
  3 jackals (Sewer)
  A quokka (D:3)
  5 bats
  3 frilled lizards
  29 kobolds
  6 rats
187 creatures vanquished.

Vanquished Creatures (collateral kills)
  An acid dragon (D:6)
  An ogre (D:7)
  6 wights (D:7)
  An orc priest (D:3)
  A hound (D:7)
  3 gnolls
  An ufetubus (D:6)
  An orc (D:3)
  A goblin (D:7)
  A hobgoblin (D:3)
  A kobold (Bailey)
18 creatures vanquished.

Vanquished Creatures (others)
  2 wights (D:7)
  2 bombardier beetles
  A gnoll (D:2)
5 creatures vanquished.

Grand Total: 210 creatures vanquished

Table legend: (Time is in decaauts)
 A = Elapsed time spent in this place.
 B = Non-inter-level travel time spent in this place.
 C = Inter-level travel time spent in this place.
 D = Time resting spent in this place.
 E = Time spent auto-exploring this place.
 F = Levels seen in this place.
 G = Mean time per level.
                   A        B        C        D        E       F      G
               +--------+--------+--------+--------+--------+-----+--------+
         Total |   5703 |   5454 |    249 |    154 |   3680 |  10 |  570.3 |
       Dungeon |   5406 |   5157 |    249 |    122 |   3549 |   8 |  675.8 |
         Sewer |    136 |    136 |      0 |      0 |     80 |   1 |  136.0 |
        Bailey |    159 |    159 |      0 |     32 |     50 |   1 |  159.0 |
               +--------+--------+--------+--------+--------+-----+--------+

Top non-repeatable levels by time:
     D:3: 1063 daAuts
     D:1: 1016 daAuts
     D:2: 786 daAuts
     D:6: 565 daAuts
     D:5: 555 daAuts
     D:4: 544 daAuts
     D:7: 437 daAuts
     D:8: 437 daAuts
  Bailey: 159 daAuts
   Sewer: 136 daAuts

Table legend:
 A = Non-vault XP
 B = Vault XP
 C = Vault XP percentage of total XP
 D = Non-vault monster count
 E = Vault monster count
 F = Vault count percentage of total count
                 A         B        C        D         E       F
            +---------+---------+-------+---------+---------+-------
      Total |    5875 |    1757 |  23.0 |     161 |      47 |  22.6
            +---------+---------+-------+---------+---------+-------
        D:1 |      45 |       0 |   0.0 |      24 |       0 |   0.0
        D:2 |      59 |       0 |   0.0 |      12 |       0 |   0.0
        D:3 |     114 |      58 |  33.7 |      18 |       8 |  30.8
        D:4 |     266 |       0 |   0.0 |      11 |       0 |   0.0
        D:5 |     419 |     203 |  32.6 |      18 |       9 |  33.3
        D:6 |    1092 |       0 |   0.0 |      25 |       0 |   0.0
        D:7 |    1456 |     226 |  13.4 |      24 |       6 |  20.0
        D:8 |    2424 |       0 |   0.0 |      29 |       0 |   0.0
      Sewer |       0 |     126 | 100.0 |       0 |       6 | 100.0
     Bailey |       0 |    1144 | 100.0 |       0 |      18 | 100.0
            +---------+---------+-------+---------+---------+-------
